 Dungeon Crawl Stone Soup version 0.25.1-2-g60ff931df9 (webtiles) character file.

Game seed: 13434673667653843799

431 Revguard the Sneak (level 6, -6/42 HPs)
             Began as a Vampire Enchanter on Sept 24, 2020.
             Was an Initiate of Wu Jian.
             Shot with an arrow by a centaur (9 damage)
             ... on level 5 of the Dungeon.
             The game lasted 00:18:23 (3562 turns).

Revguard the Sneak (Vampire Enchanter)              Turns: 3562, Time: 00:18:26

Health: -6/42      AC:  2    Str:  7    XL:     6   Next: 67%
Magic:  10/10      EV: 13    Int: 17    God:    Wu Jian [......]
Gold:   240        SH:  0    Dex: 17    Spells: 4/10 levels left

rFire    + . .     SeeInvis +   o - +2 dagger (venom)
rCold    x . .     Gourm    .   (no shield)
rNeg     . . .     Faith    .   b - +0 robe
rPois    .         Spirit   .   g - +0 helmet
rElec    .         Reflect  .   (no cloak)
rCorr    .         Harm     .   (no gloves)
MR       +....                  (no boots)
Stlth    +++++.....             (no amulet)
HPRegen  0.34/turn              n - ring of stealth
MPRegen  0.12/turn              p - ring of fire

@: regenerating quickly
A: no food, fangs 3, see invisible, blink, deformed body, magic resistance 1,
unbreathing, subdued magic 1
a: Exsanguinate, Blink, Renounce Religion


You were on level 5 of the Dungeon.
You worshipped Wu Jian.
Wu Jian was noncommittal.
You were alive.

You visited 2 branches of the dungeon, and saw 6 of its levels.

You collected 240 gold pieces.

Inventory:

Hand Weapons
 o - a +2 dagger of venom (weapon)
Missiles
 h - 10 poisoned darts (quivered)
Armour
 b - a +0 robe (worn)
 g - a +0 helmet (worn)
Jewellery
 n - a ring of stealth (left hand)
 p - a ring of fire (right hand)
Wands
 q - a wand of random effects (16)
Scrolls
 a - 2 scrolls of fear {unknown}
 d - 3 scrolls of remove curse
 e - 2 scrolls of amnesia
 f - a scroll of magic mapping
 j - a scroll of teleportation
 m - a scroll of identify
 r - a scroll of immolation {unknown}
Potions
 c - a potion of might
 i - a potion of cancellation
 k - 2 potions of flight
 l - a potion of lignification
 s - a potion of heal wounds {unknown}


   Skills:
 + Level 0.9 Fighting
 + Level 2.8 Short Blades
 + Level 3.0 Dodging
 + Level 6.9 Stealth
 + Level 2.9 Spellcasting
 + Level 6.1 Hexes
 * Level 2.7 Ice Magic


You had 4 spell levels left.
You knew the following spells:

 Your Spells              Type           Power        Failure   Level  Hunger
a - Corona                Hex            ###....      1%          1    N/A
b - Ensorcelled Hibernat  Hex/Ice        ##....       3%          2    N/A
c - Confusing Touch       Hex            ###.....     3%          3    N/A

Your spell library contained the following spells:

 Spells                   Type           Power        Failure   Level  Hunger
 Tukima's Dance           Hex            ###.....     3%          3    N/A
 Dazzling Flash           Conj/Hex       ##....       13%         3    N/A

Dungeon Overview and Level Annotations

Branches:
Dungeon (5/15)             Temple (1/1) D:4

Altars:
Ashenzari
Cheibriados
Dithmenos
Elyvilon
Fedhas
Gozag
Hepliaklqana
Makhleb
Okawaru
Qazlal
Ru
Trog
Uskayaw
Vehumet
Wu Jian
Zin
The Shining One


Innate Abilities, Weirdness & Mutations

You do not eat.
Your natural rate of healing is unusually fast.
You have razor-sharp teeth.
You have supernaturally acute eyesight. (SInv)
You can survive without breathing.
You can translocate small distances at will.
Armour fits poorly on your strangely shaped body.
You are resistant to hostile enchantments. (MR+)
Your spells are a little easier to cast, but a little less powerful.


Message History

Found 16 sling bullets.
There is a stone staircase leading up here.
The centaur wields a +0 shortbow.
The centaur shoots an arrow.
The arrow hits you!
The centaur wields a +0 shortbow.
The centaur shoots an arrow.
The arrow closely misses you.
You see here an arrow.
The centaur shoots an arrow.
The arrow hits you.
The centaur shoots an arrow.
The arrow hits you!
A worker ant comes into view.
The worker ant twitches its antennae in your direction.
Found a scroll labeled BAR LAWNOIXIZA.
You see here an arrow.
You lunge at the centaur.
You hit the centaur.
The centaur is lightly wounded.
The centaur shoots an arrow.
The arrow hits you!
* * * LOW HITPOINT WARNING * * *
A hound skeleton comes into view.
The centaur unwields a +0 shortbow.
The centaur barely misses you.
The centaur shoots an arrow.
The arrow hits you!
You die...

##########
#........#
#........#
#.c...(..#
#........#
#....<...#
#.....(..#
###...(..#
#.#.@..#
#.#.c..#
#....#.#
......#.#
.....#.##.#
....##a .#
...? .Z ..#
#.


You could see 2 centaurs, a worker ant and a hound skeleton (wandering).

Vanquished Creatures
  An ogre (D:4)
  A scorpion (D:4)
  A hound (D:4)
  An orc wizard (D:4)
  An iguana (D:4)
  2 worker ants (D:4)
  A hound skeleton (D:4)
  4 adders
  An ooze (D:1)
  An adder skeleton (D:4)
  2 worms (D:2)
  11 dart slugs
  4 leopard geckos
  2 orcs (D:4)
  7 bats
  5 giant cockroaches
  6 goblins
  4 hobgoblins (D:1)
  3 jackals (D:3)
  A quokka (D:3)
  2 ball pythons
  A frilled lizard (D:2)
  A jackal skeleton (D:4)
  8 kobolds
  7 rats
78 creatures vanquished.

Notes
Turn   | Place    | Note
-------+----------+-------------------------------------------
     0 | D:1      | Revguard the Vampire Enchanter began the quest for the Orb.
     0 | D:1      | Reached XP level 1. HP: 13/13 MP: 3/3
   156 | D:1      | Reached XP level 2. HP: 13/19 MP: 0/5
   170 | D:1      | Learned a level 2 spell: Ensorcelled Hibernation
   652 | D:1      | Reached skill level 5 in Hexes
   805 | D:1      | Reached XP level 3. HP: 21/24 MP: 0/6
  1170 | D:2      | Reached skill level 5 in Stealth
  1267 | D:2      | Learned a level 3 spell: Confusing Touch
  1545 | D:2      | Found a shadowy altar of Dithmenos.
  1618 | D:2      | Reached XP level 4. HP: 30/30 MP: 7/7
  1653 | D:2      | Reached skill level 1 in Ice Magic
  2192 | D:3      | Gained mutation: Armour fits poorly on your strangely
                  | shaped body. [potion of mutation]
  2192 | D:3      | Gained mutation: Your spells are a little easier to cast,
                  | but a little less powerful. [potion of mutation]
  2192 | D:3      | Gained mutation: You can translocate small distances at
                  | will. [potion of mutation]
  2192 | D:3      | Gained mutation: You are resistant to hostile enchantments.
                  | (MR+) [potion of mutation]
  2416 | D:3      | Found a shattered altar of Ashenzari.
  2566 | D:4      | Found a staircase to the Ecumenical Temple.
  2571 | Temple   | Entered the Ecumenical Temple
  2658 | Temple   | Became a worshipper of the Wu Jian Council
  2732 | D:4      | Reached XP level 5. HP: 23/32 MP: 0/8
  2861 | D:4      | Noticed an ogre
  2888 | D:4      | Killed an ogre
  2888 | D:4      | Reached XP level 6. HP: 37/37 MP: 0/10
  3559 | D:5      | Entered Level 5 of the Dungeon
  3562 | D:5      | Shot with an arrow by a centaur

Illustrated notes

Levels and vault maps discovered:
D:1:      minmay_arrival_nine_rooms, layout_basic,
          wander_ebering_terrifying_dragon_lair
D:2:      layout_basic, grunt_dithmenos_smoke
D:3:      kennysheep_slugbush, layout_rooms, ashenzari_altar_1
D:4:      layout_loops_ring, minmay_temple_entry_glassed_door, first_ration,
          hex_large
D:5:      layout_rooms, gammafunk_temple_overflow_pools, serial_shops,
          nicolae_shop_stone, uniq_eustachio
Temple:   compressed_dpeg_circular_temple

Skill      XL: |  1  2  3  4  5  6 |
---------------+-------------------+-----
Hexes          | 5 6 |  6.1
Stealth        | 5 6 |  6.9
Ice Magic      | 1 2 |  2.7
Short Blades   | 2 |  2.8
Dodging        | 3 |  3.0
Fighting       | |  0.9
Spellcasting   | |  2.9

Action                   |  1- 3 |  4- 6 || total
-------------------------+-------+-------++-------
Melee: Dagger            |    93 |   130 ||   223
       Bite              |     6 |     9 ||    15
       Unarmed           |       |     5 ||     5
Throw: Dart              |       |    11 ||    11
 Cast: Corona            |    12 |       ||    12
       Ensorcelled Hiber |    19 |    20 ||    39
       Confusing Touch   |     1 |     1 ||     2
Invok: Lunge             |       |     9 ||     9
 Abil: End Transformatio |       |     1 ||     1
       Bat Form          |       |     1 ||     1
       Exsanguinate      |       |     1 ||     1
       Revivify          |       |     1 ||     1
  Use: Scroll            |    10 |     5 ||    15
       Potion            |     2 |     1 ||     3
 Stab: Sleeping          |    19 |    16 ||    35
       Distracted        |     1 |       ||     1
Armor: Robe              |    22 |    15 ||    37
Dodge: Dodged            |    65 |    87 ||   152
